Cogmind - Beta 14 @@@ ROGUE MODE // 2024.12.06 @ 15:02:51 Player: certified.possum Result: Destroyed by G-47 Trooper with Particle Gun Performance ------------- Evolutions (2) 1000 Regions Visited (3) 600 Robots Destroyed (29) 145 Value Destroyed (896) 896 Prototype IDs (3) 60 Alien Tech Used (0) 0 Bonus (4) 4 TOTAL SCORE: 2705 Bonus ------- High Alert Combat Kills 4 Cogmind --------- Core Integrity 0/550 Matter 75/300 Energy 240/240 System Corruption 0% Temperature Cool (33) Movement Treading (170) Location -8/Materials Parts ------- > --- POWER (1) -------- Nuclear Core > --- PROPULSION (4) --- Armored Treads Armored Treads Armored Treads Armored Treads > --- UTILITY (4) ------ Active Sensor Suite Hardened Medium Armor Plating > --- WEAPON (2) ------- Assault Rifle Assault Rifle > --- INVENTORY (5) ---- Light Deuterium Engine Flight Unit Peak State ------------ > --- POWER ------------ Nuclear Core > --- PROPULSION ------- Armored Treads Armored Treads Armored Treads Armored Treads > --- UTILITY ---------- Active Sensor Suite Hardened Medium Armor Plating > --- WEAPON ----------- Advanced Beam Cannon > --- INVENTORY -------- Light Deuterium Engine Flight Unit [Rating: 48] Favorites ----------- Power Light Ion Engine Engine Light Ion Engine Power Core Nuclear Core Propulsion Light Treads Treads Light Treads Flight Unit VTOL Module Utility Targeting Computer Device Weight Redist. System Storage Large Storage Unit Processor Targeting Computer Protection Hardened Medium Armor Plating Weapon Grenade Launcher Energy Gun EM Pulse Gun Energy Cannon Advanced Beam Cannon Ballistic Gun Assault Rifle Launcher Grenade Launcher Build | -11 -10 -9 -8 ------- Run | Yrd Mat Mat Mat Slots Evolved 4 | . . 2 2 Power . | . . . . Propulsion 2 | . . 1 1 Utility 2 | . . 1 1 Weapon . | . . . . Parts Attached 54 | 6 11 6 31 Power 4 | 1 2 . 1 Engine 3 | 1 2 . . Core 1 | . . . 1 Reactor . | . . . . Propulsion 25 | 2 4 2 17 Treads 13 | 2 2 . 9 Leg . | . . . . Wheel . | . . . . Hover . | . . . . Flight 12 | . 2 2 8 Utility 12 | 1 2 1 8 Device 2 | . . . 2 Storage 3 | 1 1 . 1 Processor 2 | . 1 . 1 Hackware . | . . . . Protection 5 | . . 1 4 Artifact . | . . . . Weapon 13 | 2 3 3 5 Energy Gun 2 | 1 . . 1 Energy Cannon 3 | . . 1 2 Ballistic Gun 3 | 1 . . 2 Ballistic Cannon . | . . . . Launcher 5 | . 3 2 . Special Weapon . | . . . . Impact Weapon . | . . . . Slashing Weapon . | . . . . Piercing Weapon . | . . . . Special Melee Weapon . | . . . . Unidentified Prototypes 3 | . . 1 2 Parts Lost 12 | . 1 2 9 Power 1 | . 1 . . Propulsion 4 | . . . 4 Utility 4 | . . 1 3 Weapon 3 | . . 1 2 Highest Loss Streak 6 | . 1 2 6 To Critical Strikes . | . . . . Average Slot Usage (%) 83 | . 90 86 70 Engine 6 | . 9 11 . Core 2 | . . . 8 Treads 18 | . 25 . 13 Flight 10 | . 2 33 17 Device 2 | . . . 7 Storage 7 | . 12 . . Processor 10 | . 12 11 6 Protection 3 | . . 10 6 Energy Cannon 3 | . . 9 7 Ballistic Gun 7 | . 12 . . Launcher 8 | . 13 12 . Peak Build Rating 48 | 6 9 13 48 Average Rating 13 | 4 6 12 25 On Entrance 6 | . 6 7 11 Naked Turns . | . . . . Heaviest Build 30 | 14 30 11 23 Greatest Support 80 | 40 40 12 80 Greatest Overweight (x) 9 | . 9 . . Average Overweight (x) . | . . . . Largest Inventory Capacity 15 | 8 15 5 5 Average Capacity 9 | 7 13 5 5 Most Carried 12 | 5 12 5 5 Average Carried 5 | 1 7 3 3 Final Capacity 8 | 8 5 5 5 Final Carried 4 | 2 4 4 2 Class Distribution -------------------- 74% | Mutant 25% | Sprinter Dominant Class ---------------- Mutant | -10/Materials Sprinter | -9/Materials Mutant | -8/Materials Resources | -11 -10 -9 -8 ----------- Run | Yrd Mat Mat Mat Matter Collected 736 | 97 415 25 199 Remotely . | . . . . Salvage Created 956 | . 293 214 449 Parts 58 | . 16 16 26 Haulers Intercepted 2 | . 1 1 . Recyclers Shooed 1 | . . . 1 Parts Field Recycled . | . . . . Retrieved Matter . | . . . . Parts Self-Destructed . | . . . . Prevented . | . . . . Kills | -11 -10 -9 -8 ------- Run | Yrd Mat Mat Mat Combat Hostiles Destroyed 18 | . 8 3 7 Guns 1 | . . . 1 Cannons 7 | . . 1 6 AOE 10 | . 8 2 . Classes Destroyed 10 | . 5 3 2 Worker 1 | . . 1 . Tunneler 1 | . 1 . . Hauler 2 | . 1 1 . Mechanic 1 | . . 1 . Watcher 6 | . 2 2 2 Swarmer 1 | . 1 . . Cutter 1 | . . . 1 Grunt 11 | . 7 2 2 Sentry 4 | . . 1 3 Heavy 1 | . . . 1 Best Kill Streak 6 | . 3 6 2 Combat Bots Only 2 | . 2 2 2 Max Kills in Single Turn 4 | . 2 4 1 Gunslinging . | . . . . Exploded 2 | . 2 1 . Melee . | . . . . Uniques/NPCs Destroyed . | . . . . Combat | -11 -10 -9 -8 -------- Run | Yrd Mat Mat Mat Hostile Shots Fired 151 | . 20 36 95 Missed 42 | . 8 11 23 Damage Taken 2250 | . 155 368 1727 Core 658 | . 24 80 554 Absorbed by Shields . | . . . . Regen/Repaired (Parts) 99 | . 47 . 52 Core Remaining (%) 90 | 100 90 80 . Volleys Fired 76 | . 13 10 53 Largest 2 | . 2 2 2 Hottest 98 | . 50 98 69 Shots Fired 100 | . 26 17 57 Gun 21 | . 13 . 8 Cannon 56 | . . 7 49 Launcher 23 | . 13 10 . Special . | . . . . Kinetic 21 | . 13 . 8 Thermal 42 | . . 7 35 Explosive 23 | . 13 10 . Electromagnetic 14 | . . . 14 Robot Hit Streak 9 | . 5 3 9 Robot Miss Streak 4 | . 3 2 4 Penetration Max . | . . . . Secondary Targets . | . . . . Shots Hit Robots 55 | . 14 7 34 Core Hits 49 | . 21 15 13 Critical Kills . | . . . . Critical Parts Destroyed . | . . . . Critical Strikes . | . . . . Melee Attacks . | . . . . Impact . | . . . . Slashing . | . . . . Piercing . | . . . . Sneak Attacks . | . . . . Combat Hostiles . | . . . . Follow-up Attacks . | . . . . Damage Inflicted 2389 | . 864 547 978 Guns 148 | . 81 . 67 Cannons 887 | . . 62 825 Explosions 1336 | . 783 485 68 Melee . | . . . . Ramming 18 | . . . 18 Kinetic 148 | . 81 . 67 Thermal 546 | . . 109 437 Explosive 1221 | . 783 438 . Electromagnetic 456 | . . . 456 Impact . | . . . . Slashing . | . . . . Piercing . | . . . . Highest Corruption . | . . . . Average Corruption . | . . . . Corruption Purged . | . . . . Corruption Blocked . | . . . . Overload Shots . | . . . . Overflow Damage 93 | . 24 15 54 Projectiles 54 | . . . 54 Explosions 39 | . 24 15 . Melee . | . . . . Knockbacks . | . . . . Impact . | . . . . Kinetic . | . . . . Secondary . | . . . . Self-Inflicted Damage 57 | . 1 56 . Shots 4 | . 1 3 . Rammed 4 | . . . 4 Targets Rammed 4 | . . . 4 Kicked . | . . . . Crushed . | . . . . Highest Temperature 293 | . 5 138 293 Average Temperature 85 | . 3 49 97 Received Heat Transfer 645 | . 84 174 387 Siege Activations . | . . . . Robots Corrupted . | . . . . Combat Hostiles . | . . . . Parts Fried 1 | . . . 1 Impact Corruptions . | . . . . Robots Melted . | . . . . Combat Hostiles . | . . . . Parts Melted . | . . . . Heat Transferred 1027 | . . 211 816 Parts Sabotaged . | . . . . Parts Stolen . | . . . . Parts Stripped . | . . . . Power Chain Reactions 2 | . . 1 1 Alert | -11 -10 -9 -8 ------- Run | Yrd Mat Mat Mat Peak Influence 408 | . 165 377 408 Initial 154 | . . . 154 Average 154 | . 70 221 295 Maximum Alert Level 2 | . . 1 2 Low Security (%) 65 | 100 100 33 11 Level 1 33 | . . 66 85 Level 2 1 | . . . 3 Level 3 . | . . . . Level 4 . | . . . . Level 5 . | . . . . High Security . | . . . . Max Security . | . . . . Squads Dispatched 8 | . 1 3 4 Investigation 1 | . . . 1 Extermination . | . . . . Reinforcement 7 | . 1 3 3 Assault . | . . . . Garrison . | . . . . Intercept . | . . . . Searches Triggered . | . . . . Construction Impeded 2 | . . 1 1 Haulers Reinforced . | . . . . Active Scanning Responses 1 | . . . 1 Cargo Convoy Interrupts . | . . . . Stealth | -11 -10 -9 -8 --------- Run | Yrd Mat Mat Mat Distress Signals 3 | . 1 2 . Communications Jammed . | . . . . Distress Signals . | . . . . Times Spotted 51 | . 10 20 21 Peak Tracking Total 10 | . 3 10 4 Tactical Retreats 6 | . . 2 4 Traps | -11 -10 -9 -8 ------- Run | Yrd Mat Mat Mat Traps Triggered 3 | . 3 . . Indirectly . | . . . . Trap Hack Attempts . | . . . . Triggered . | . . . . Disarmed . | . . . . Reprogrammed . | . . . . Reused . | . . . . Traps Extracted . | . . . . Installed . | . . . . Triggered . | . . . . Machines | -11 -10 -9 -8 ---------- Run | Yrd Mat Mat Mat Machines Disabled 5 | . 2 2 1 Max in Single Turn 1 | . 1 1 1 Machines Repaired . | . . . . Machines Dismantled . | . . . . Machines Sabotaged . | . . . . Overloaded Fab Kills . | . . . . Hacking | -11 -10 -9 -8 --------- Run | Yrd Mat Mat Mat Machines Accessed 4 | . 1 2 1 Terminals 1 | . . 1 . Fabricators . | . . . . Repair Stations 2 | . 1 . 1 Recycling Units . | . . . . Scanalyzers 1 | . . 1 . Garrison Access . | . . . . Total Hacks 15 | . 2 5 8 Successful 12 | . 2 4 6 Failed 3 | . . 1 2 Catastrophic . | . . . . Database Lockouts . | . . . . Manual . | . . . . Terminals 1 | . . 1 . Fabricators . | . . . . Repair Stations 10 | . 2 . 8 Recycling Units . | . . . . Scanalyzers 4 | . . 4 . Garrison Access . | . . . . Terminal Hacks . | . . . . Fabricator Hacks . | . . . . Repair Station Hacks 8 | . 2 . 6 Scan Component 4 | . 1 . 3 Repair 4 | . 1 . 3 Recycling Unit Hacks . | . . . . Scanalyzer 4 | . . 4 . Insert Component 1 | . . 1 . Analyze 3 | . . 3 . Garrison Access Hacks . | . . . . Unauthorized Hacks . | . . . . Terminals . | . . . . Fabricators . | . . . . Repair Stations . | . . . . Recycling Units . | . . . . Scanalyzers . | . . . . Garrison Access . | . . . . Data Cores Recovered . | . . . . Used . | . . . . Hacking Detections 2 | . 1 . 1 Full Trace Events . | . . . . Feedback Events . | . . . . Feedback Blocked . | . . . . Robot Schematics Acquired . | . . . . Robots Built . | . . . . Authchips . | . . . . Time . | . . . . Total Robot Build Rating . | . . . . Part Schematics Acquired 1 | . . 1 . Parts Built . | . . . . Authchips . | . . . . Time . | . . . . Total Part Build Rating . | . . . . Parts Repaired 4 | . 1 . 3 Time 122 | . 26 . 96 Parts Recycled . | . . . . Recycled Matter . | . . . . Retrieved Matter . | . . . . Retrieved Components . | . . . . Parts Scanalyzed 1 | . . 1 . Part Schematics Acquired 1 | . . 1 . Parts Damaged . | . . . . Bothacking | -11 -10 -9 -8 ------------ Run | Yrd Mat Mat Mat Used RIF Installer . | . . . . Robots Hacked . | . . . . Non-combat . | . . . . Combat . | . . . . Robot Hacks Applied . | . . . . Relay Couplers Released . | . . . . Fabnet Peak Effective % . | . . . . Robots Rewired . | . . . . Allies Hacked . | . . . . Hacks Repelled . | . . . . Allies | -11 -10 -9 -8 -------- Run | Yrd Mat Mat Mat Total Allies . | . . . . Largest Group . | . . . . Highest-Rated Group . | . . . . Highest-Rated Ally . | . . . . Total Orders . | . . . . Ally Attacks . | . . . . Total Damage . | . . . . Kills . | . . . . Allies Corrupted . | . . . . Allies Melted . | . . . . Intel | -11 -10 -9 -8 ------- Run | Yrd Mat Mat Mat Robot Analysis Total . | . . . . Derelict Logs Recovered . | . . . . Drone Launches . | . . . . Drone Recoveries . | . . . . Exploration | -11 -10 -9 -8 ------------- Run | Yrd Mat Mat Mat Turns Passed 1799 | 76 976 171 576 Spaces Moved 1632 | 53 674 455 450 Core 22 | 21 1 . . Treads 636 | 32 513 . 91 Legs . | . . . . Wheels . | . . . . Hover . | . . . . Flight 974 | . 160 455 359 Fastest Speed 26 | 50 32 29 26 Average Speed 81 | 116 130 29 56 Slowest Speed 500 | 160 500 29 170 Overloaded Moves . | . . . . Propulsion Burnouts . | . . . . Robots Hopped 14 | . . 5 9 Cave-ins Triggered . | . . . . Exploration Rate (%) 44 | 3 94 50 31 Regions Visited 3 Branch Regions . Pre-discovered Areas . | . . . . Known Exits Taken . | . . . . Unknown Exits Taken 3 | 1 1 1 . Scrap Searched . | . . . . Spaces Dug . | . . . . Terrain Destroyed 107 | . 59 46 2 Melee . | . . . . Projectile 1 | . . . 1 AOE 106 | . 59 46 1 Terrain Rammed . | . . . . Walls Destroyed . | . . . . Machines Disabled . | . . . . Actions | -11 -10 -9 -8 --------- Run | Yrd Mat Mat Mat Total 1989 | 68 746 470 705 Wait 170 | . 26 . 144 Move 1601 | 52 673 444 432 Hop 14 | . . 5 9 Pick Up 47 | 9 16 4 18 Fast Attach 8 | . . . 8 Attach 40 | 6 9 4 21 Detach 5 | . . . 5 Swap 6 | . 2 2 2 Drop 18 | 1 7 1 9 Fire 76 | . 13 10 53 Melee . | . . . . Ram . | . . . . Kick . | . . . . Crush 4 | . . . 4 Escape Stasis . | . . . . Rewire . | . . . . Trap . | . . . . Miscellaneous . | . . . . Route ------- -11/Scrapyard -10/Materials (discovered 3 exits: *Mat x2 / [*Min]) -9/Materials -8/Materials (discovered 1 exit: [*Sto]) History --------- Turn | Location | Event 45 | -11/Scrapyard | Discovered new exit (range 16) 77 | -11/Scrapyard | Entered Materials 313 | -10/Materials | Build established: Mutant 403 | -10/Materials | Discovered new exit (range 8) 470 | -10/Materials | Discovered new exit (range 9) 586 | -10/Materials | Discovered new exit (range 11) 1016 | -10/Materials | Repaired Grenade Launcher 1053 | -10/Materials | Entered another Materials area 1053 | -9/Materials | Evolved 2 slots: Propulsion x1, Utility x1 1221 | -9/Materials | Discovered new exit (range 8) 1224 | -9/Materials | Entered another Materials area 1224 | -8/Materials | Evolved 2 slots: Propulsion x1, Utility x1 1227 | -8/Materials | Discovered new exit (range 7) 1287 | -8/Materials | Build established: Sprinter 1310 | -8/Materials | Repaired VTOL Module 1344 | -8/Materials | Repaired VTOL Module 1378 | -8/Materials | Repaired VTOL Module 1581 | -8/Materials | Lost 6 parts (3n2u1w) 1607 | -8/Materials | Core integrity fell below 50% 1622 | -8/Materials | Core integrity fell below 20% 1656 | -8/Materials | Found Prototype Device 1658 | -8/Materials | Identified Active Sensor Suite 1800 | -8/Materials | Destroyed by G-47 Trooper with Particle Gun Last Messages --------------- Dropped Com. Matter Pod. Identified Active Sensor Suite. [Achievement: I Spy] Acquired Arm. Treads. Acquired Hrd. Medium Armor Plating. Acquired 66 matter. ALERT: Active scanning activity reported from Zone 2O, dispatching Investigation squad. Acquired 15 matter. Slammed into U-05 Engineer. Acquired 5 matter. Adv. Beam Cannon destroyed. Slammed into R-06 Scavenger. K-01 Serf collects debris. K-01 Serf cleans the Recycling Unit. Acquired Assault Rifle. K-01 Serf cleans the Recycling Unit. Acquired Assault Rifle. G-47 Trooper destroyed. Critical hit (Burn: +37). Map ----- +----------------------------------------------------+ | ## ## # """ # !!#???????????????? | | "" ## ## # """ # !!!#???????????????? | | "" ## ## # """ + [ ]#???????????????? | | "" ## """" ## + # ]]#???????????????? | | "" ## """" = ]## # # ==#???????????????? | | "" ## """" ## ####### ==#???????????????? | | ##############+#####??# #####???????????????? | | #?????????# !#??# #???????????????????? | | ####?????????# """ #??# #???????????????????? | | ?????????????# "R #??# #???????????????????? | | ?????????????# """ #??# #???????????????????? | | ?????????????# !#??# a #???????????????????? | | ?????????????# """ #### ###?????????????????? | | ?????????????# """ ## ##########????????? | | ?????????????# """ ## % #????????? | | ?????????????# = ## #????????? | | ?????????????########### #????????? | | ???????????????????????# #????????? | | ???????????????????????# #????????? | | ???????????????????????# #### #????????? | | ???????????????????????####+#####?? #????????? | | #??????????????????????# """ #??? #????????? | | #??????????????????????# "Y" #???? #????????? | | ###????????????????????# #????? k ????????? | | #??##????????????????# #????????????????? | | !!### #????????????????#k@k #????????????????? | | !#########????????????# !!% #????????????????? | | ! +*= #########????# !!! #???????????g????? | | = ####### ## #???##% #??????????#+##??? | | =####?##k## #???# = = #????????g ??? | | ######## # "" #???####g######????????? """??? | | % r + """ #??????#%#?????????????! """"" ? | | ######## # "" #??????#*#????????????? """"" # | | ???????## ## #??????# #???????????? a "" # | | ????????# #########???#### #############%= # | | #?????### ###?????????# g +[ # | | #?????# #?????????# ################ # | | #?????# ########### #???????????????###"##"### | | #?????# u w #????????????????????????? | | #?????# ########+####????????????????????????? | | ??????# #????# T #????????????????????????? | | ??????#######????# #????????????????????????? | | ?????????????????#! """ #????????????????????????? | | ?????????????????# """ #????????????????????????? | | ?????????????????# """ #????????????????????????? | | ?????????????????# #????????????????????????? | | ?????????????????########????????????????????????? | | ?????????????????????????????????????????????????? | | ?????????????????????????????????????????????????? | | ?????????????????????????????????????????????????? | +----------------------------------------------------+ Best States ------------- Heat Dissipation 31 Energy Generation 14 Energy Capacity 250 Matter Stores 300 Matter Capacity 450 Sight Range 16 Robot Scan Range 20 Terrain Scan Density 10 Additional Mass Support 6 Armor Coverage 225 Evasion (%) 64 Targeting Accuracy 5 Target Analysis 5 Recoil Reduction 4 Item Schematics ----------------- VTOL Module | -9/Materials | Scanalyzed Robot Schematics ------------------ None Fabricated ------------ Nothing Alien Tech Used ----------------- None Achievements -------------- I Spy Challenges ------------ None Game ------ Seed SalvageSmartbombPurifier Manual? 0 Play Time 00:24:38 Cumulative 4.6 hours Start 2024.12.06 @ 14:38:34 End 2024.12.06 @ 15:02:51 Sessions 1 Manual Loads 0 Difficulty Rogue Special Mode None Game No. 15 Rogue 15 Adventurer 0 Explorer 0 Win Type - Total 0 Types 0/0/0/0/0/0/0/0/0 Lore% 2 Gallery% 11 Achievement% 12 Wizard Run 0 Options --------- Layout 1 ASCII 0 Keyboard 0 Movement Arrows Keybinds 0 Fullscreen 1 Font 32/Tamsyn Map View 50x40 Zoom Use 0% Tactical HUD 0 Map Filters NONE Filters NONE Steam 1 RUN: 737db999-9cf6-4e0e-b91c-190531de7b38